 Dungeon Crawl Stone Soup version 0.23-a0-446-g036aa52 (webtiles) character file.

492 Omni the Ruffian (level 6, -3/61 HPs)
             Began as a Troll Monk on Nov 18, 2018.
             Slain by a centaur (5 damage)
             ... on level 5 of the Dungeon.
             The game lasted 00:04:39 (3437 turns).

Omni the Ruffian (Troll Monk)                       Turns: 3437, Time: 00:04:40

Health: -3/61      AC:  5    Str: 20    XL:     6   Next: 91%
Magic:  5/5        EV: 11    Int:  8    God:
Gold:   287        SH:  0    Dex: 12    Spells: 5/5 levels left

rFire    . . .     SeeInvis .     - Unarmed
rCold    + . .     Gourm    +   (no shield)
rNeg     . . .     Faith    .   a - +0 robe
rPois    .         Spirit   .   (helmet restricted)
rElec    .         Reflect  .   (no cloak)
rCorr    .         Harm     .   (gloves unavailable)
MR       .....                  (boots unavailable)
Stlth    ++........             (no amulet)
HPRegen  0.60/turn              c - ring of protection from cold
MPRegen  0.09/turn              (no ring)

@: no status effects
A: large, unfitting armour, claws 3, fast metabolism 3, gourmand, regeneration
1, shaggy fur 1, tough skin 2
a: no special abilities


You were on level 5 of the Dungeon.
You were completely stuffed.

You visited 1 branch of the dungeon, and saw 5 of its levels.

You collected 287 gold pieces.

Inventory:

Hand Weapons
 l - a +1 mace of crushing
Armour
 a - a +0 robe (worn)
 s - a scarf of repulsion
Jewellery
 c - a ring of protection from cold (left claw)
Scrolls
 d - 4 scrolls of remove curse {unknown}
 e - 5 scrolls of identify {unknown}
 f - 2 scrolls of enchant weapon {unknown}
 m - a scroll of fear {unknown}
 r - a scroll of teleportation {unknown}
Potions
 g - a potion of agility {unknown}
 h - 2 potions of haste {unknown}
 i - a potion of berserk rage {unknown}
 j - 2 potions of mutation {unknown}
 k - a potion of resistance {unknown}
 n - a potion of might {unknown}
 o - a potion of curing {unknown}
 p - a potion of lignification {unknown}
 q - a potion of invisibility {unknown}
Comestibles
 b - 15 rations
 t - a chunk of flesh


   Skills:
 - Level 3.1 Fighting
 - Level 3.1 Dodging
 - Level 1.0 Stealth
 + Level 7.1 Unarmed Combat


You had 5 spell levels left.
You didn't know any spells.
Your spell library contained the following spells:

 Spells                   Type           Power        Failure   Level  Hunger
 Animate Skeleton         Necr           N/A          41%         1    ##.....
 Apportation              Tloc           #.....       41%         1    ##.....
 Confusing Touch          Hex            #.....       41%         1    ##.....
 Summon Small Mammal      Summ           #...         41%         1    ##.....


Dungeon Overview and Level Annotations

Branches:
Dungeon (5/15)
 Temple: D:4-7

Altars:
Cheibriados
Dithmenos
Uskayaw


Innate Abilities, Weirdness & Mutations

You are too large for most types of armour.
You have claws for hands.
Your metabolism is lightning-fast.
You like to eat raw meat.
Your natural rate of healing is unusually fast.
You are covered in fur. (AC +1)
You have very tough skin. (AC +2)


Message History

You are too injured to fight recklessly!
You are too injured to fight recklessly!
You are too injured to fight recklessly!
You are too injured to fight recklessly!
You are too injured to fight recklessly!
You are too injured to fight recklessly!
You are too injured to fight recklessly!
You are too injured to fight recklessly!
You are too injured to fight recklessly!
The ogre closely misses you.
The centaur unwields a +0 shortbow.
The centaur misses you.
You claw the ogre!
The ogre is moderately wounded.
The centaur hits you!
The ogre hits you with a +0 giant spiked club!!
* * * LOW HITPOINT WARNING * * *
You barely miss the ogre.
The ogre is moderately wounded.
The centaur hits you.
You die...

######### ##
##........ .#
######..########.####
#.......# #.......#
###.##..# #.......#
#.##..#####.......#
#.##......(.(O....#
###.##.######.@.....#
#.............c.....#
###..#.......!.#.####
#..##.####.....#
#.....# #...###
###.###.# ##...
#.....#.# #.##
#####.#.# .. #.#.#


You could see an ogre and a centaur.

Vanquished Creatures
  3 orc wizards (D:4)
  4 orc priests
  Jessica (D:3)
  2 worker ants
  A hound skeleton (D:4)
  A worker ant zombie (D:2)
  7 adders
  2 oozes
  3 worms
  3 dart slugs
  2 leopard geckos (D:2)
  22 orcs
  2 giant cockroaches (D:1)
  5 goblins
  7 hobgoblins
  6 jackals
  3 quokkas
  A ball python (D:4)
  5 bats
  4 frilled lizards
  7 kobolds
  A leopard gecko skeleton (D:3)
  5 rats
97 creatures vanquished.

Notes
Turn   | Place    | Note
-------+----------+-------------------------------------------
     0 | D:1      | Omni the Troll Monk began the quest for the Orb.
     0 | D:1      | Reached XP level 1. HP: 22/22 MP: 0/0
   126 | D:1      | Reached XP level 2. HP: 28/29 MP: 1/1
   813 | D:2      | Reached XP level 3. HP: 35/36 MP: 2/2
  1293 | D:2      | Reached XP level 4. HP: 36/45 MP: 3/3
  1300 | D:2      | Reached skill level 4 in Unarmed Combat
  1734 | D:3      | Reached XP level 5. HP: 51/53 MP: 4/4
  1774 | D:3      | Found a snail-covered altar of Cheibriados.
  1917 | D:3      | Noticed Jessica
  1918 | D:3      | Found a hide-covered altar of Uskayaw.
  1925 | D:3      | Killed Jessica
  1925 | D:3      | Reached skill level 5 in Unarmed Combat
  2004 | D:3      | Found a faded altar of an unknown god.
  2450 | D:4      | Reached skill level 6 in Unarmed Combat
  2450 | D:4      | Reached XP level 6. HP: 53/61 MP: 5/5
  2778 | D:4      | Found a shadowy altar of Dithmenos.
  3325 | D:5      | Entered Level 5 of the Dungeon
  3333 | D:5      | Reached skill level 7 in Unarmed Combat
  3436 | D:5      | HP: 1/61 [ogre/+0 giant spiked club (19)]
  3437 | D:5      | Slain by a centaur

Vault maps used:
D:1:      dpeg_arrival_rooms_a, palyth_stone_intersect
D:2:      first_ration, hex_intersection
D:3:      cheibriados_altar_1, eat_drink_and_be_merry_uskayaw,
          chequers_ecumenical_altar_simple_redux, uniq_jessica
D:4:      nicolae_dithmenos_through_a_glass_darkly

Skill      XL: |  1  2  3  4  5  6 |
---------------+-------------------+-----
Fighting       | 3 |  3.1
Dodging        | 3 |  3.1
Unarmed Combat | 4 6 7 |  7.1
Stealth        | |  1.0

Action                   |  1- 3 |  4- 6 || total
-------------------------+-------+-------++-------
Melee: Unarmed           |    79 |   184 ||   263
       Punch             |     1 |     6 ||     7
 Stab: Sleeping          |     2 |     6 ||     8
  Eat: Chunk             |    17 |    20 ||    37
Armor: Robe              |    32 |    36 ||    68
Dodge: Dodged            |    48 |    93 ||   141

Table legend:
 A = Non-vault XP
 B = Vault XP
 C = Vault XP percentage of total XP
 D = Non-vault monster count
 E = Vault monster count
 F = Vault count percentage of total count
                 A         B        C        D         E       F
            +---------+---------+-------+---------+---------+-------
      Total |     666 |      37 |   5.3 |      96 |       1 |   1.0
            +---------+---------+-------+---------+---------+-------
        D:1 |      23 |       0 |   0.0 |      11 |       0 |   0.0
        D:2 |     161 |       0 |   0.0 |      28 |       0 |   0.0
        D:3 |      58 |      37 |  38.9 |      28 |       1 |   3.4
        D:4 |     339 |       0 |   0.0 |      24 |       0 |   0.0
        D:5 |      85 |       0 |   0.0 |       5 |       0 |   0.0
            +---------+---------+-------+---------+---------+-------
